 Dungeon Crawl Stone Soup version 0.29-a0-243-g602b31c20e (webtiles) character file.

Game seed: 11808393143291744406

24 Hubjo the Sneak (level 2, -7/21 HPs)
             Began as a Vampire Enchanter on Mar 4, 2022.
             Mangled by an orc
             ... wielding a +0 war axe
              (10 damage)
             ... on level 3 of the Dungeon.
             The game lasted 00:01:36 (1044 turns).

Hubjo the Sneak (Vampire Enchanter)                 Turns: 1044, Time: 00:01:37

Health: -7/21      AC:  2    Str:  7    XL:     2   Next: 79%
Magic:  5/5        EV: 12    Int: 17    God:
Gold:   65         SH:  5    Dex: 14    Spells: 5/5 levels left

rFire   . . .      SeeInvis +   a - +1 dagger
rCold   . . .      Faith    .   (no shield)
rNeg    . . .      Spirit   .   b - +0 robe
rPois   .          Reflect  +   (no helmet)
rElec   .          Harm     .   (no cloak)
rCorr   .          Rampage  .   (no gloves)
Will    .....                   (no boots)
Stlth   +++.......              f - amulet of reflection
HPRegen 0.27/turn               (no ring)
MPRegen 0.09/turn               (no ring)

@: healing quickly
A: alive, fangs 3, see invisible, vampiric 1
a: Exsanguinate


You were on level 3 of the Dungeon.
You visited 1 branch of the dungeon, and saw 3 of its levels.

You collected 65 gold pieces.

Inventory:

Hand Weapons
 a - a +1 dagger (weapon)
Missiles
 g - 5 silver boomerangs (quivered)
Armour
 b - a +0 robe (worn)
Magical Staves
 h - a staff of air
Jewellery
 f - an amulet of reflection (around neck)
Scrolls
 e - a scroll of brand weapon
Potions
 c - a potion of invisibility
 i - a potion of brilliance {unknown}


   Skills:
 * Level 1.1 Fighting
 + Level 1.4 Short Blades
 + Level 2.4 Dodging
 * Level 5.0 Stealth
 - Level 2.0 Spellcasting
 + Level 4.6 Hexes


You had 5 spell levels left.
You didn't know any spells.
Your spell library contained the following spells:

 Spells                   Type           Power      Damage    Failure   Level
 Confusing Touch          Hex            17%        N/A       9%          3
 Tukima's Dance           Hex            17%        N/A       9%          3
 Ensorcelled Hibernation  Hex/Ice        18%        N/A       12%         2
 Dazzling Flash           Conj/Hex       18%        N/A       22%         3


Dungeon Overview and Level Annotations

Branches:
Dungeon (3/15)

Altars:

Shops:
D:2 :


Innate Abilities, Weirdness & Mutations

Your natural rate of healing is accelerated.
You have razor-sharp teeth.
You have supernaturally acute eyesight. (SInv)
You are afflicted with vampirism.


Message History

There are monsters nearby!
Found 15 gold pieces.
The orc throws a boomerang.
You reflect the boomerang off an invisible shield around you!
The boomerang hits the orc.
An orc comes into view. It is wielding a +0 club.
Throw: 5 boomerangs (silver)
Press: ? - help, Q - select action Shift-Dir - straight line, f - orc
Aim: an orc, wielding a +0 war axe, wearing a +0 ring mail and quivering boomerangs (lightly wounded, 61% to hit)
You throw a silver boomerang.
The silver boomerang closely misses the orc.
An orc comes into view. It is wielding a +0 dagger.
Throw: 5 boomerangs (silver)
Press: ? - help, Q - select action Shift-Dir - straight line, f/p - orc
Aim: an orc, wielding a +0 war axe, wearing a +0 ring mail and quivering boomerangs (lightly wounded, 61% to hit)
You throw a silver boomerang. The orc shouts!
The silver boomerang hits the orc but does no damage.
The orc is moderately wounded.
You hit the orc but do no damage.
The orc is moderately wounded.
You hit the orc.
The orc is lightly wounded.
The orc barely misses you. The orc hits you with a +0 dagger.
The orc hits you from afar with a +0 trident!
You hit the orc but do no damage.
The orc is lightly wounded.
You block the orc's attack. The orc closely misses you.
The orc hits you from afar with a +0 trident.
You hit the orc.
The orc is severely wounded.
The orc hits you with a +0 war axe.
* * * LOW HITPOINT WARNING * * *
The orc hits you with a +0 dagger.
* * * LOW HITPOINT WARNING * * *
The orc closely misses you.
As you read the scroll labelled AHUONU POERAPIDOFF, it crumbles to dust.
It is a scroll of identify.
e - a scroll of brand weapon The orc hits you with a +0 war axe!
You die...

.# #. ... .. .$.....
...###### .# .......
.......# .# o......
##..##.##.# .......
#.......<.# .......
#........## .....$.
#.........######o......
#.........#...@ooo.....
#.............o########
#...............#
#...............#
#...............#
#..............##
#######...#...##
#########


You could see 5 orcs.

Vanquished Creatures
  An adder (D:2)
  A dart slug (D:2)
  An orc (D:3)
  A ball python (D:2)
  A bat (D:2)
  A giant cockroach (D:3)
  3 goblins (D:2)
  A frilled lizard (D:2)
  2 rats
12 creatures vanquished.

Notes
Turn   | Place    | Note
-------+----------+-------------------------------------------
     0 | D:1      | Hubjo the Vampire Enchanter began the quest for the Orb.
     0 | D:1      | Reached XP level 1. HP: 13/13 MP: 3/3
    24 | D:1      | You fall into a shaft and drop 1 floor!
   566 | D:2      | Reached XP level 2. HP: 15/20 MP: 5/5
   665 | D:2      | Reached skill level 1 in Fighting
   685 | D:2      | Found Ymeheczasch's Book Shoppe.
   986 | D:3      | Reached skill level 5 in Stealth
  1044 | D:3      | Mangled by an orc

Illustrated notes

Levels and vault maps discovered:
D:1:      dpeg_chamrin_arrival_tetris, layout_rooms, serial_forest,
          infiniplex_forest_lined_ring, infiniplex_forest_straight_4,
          infiniplex_forest_clump_medium, infiniplex_forest_lined_2,
          infiniplex_forest_end_3, infiniplex_forest_lined_3_way,
          infiniplex_forest_clump_tiny, basic_ecumenical_altar,
          kennysheep_decorative_pillar
D:2:      layout_loops_corners, serial_shops, shop_statue, minivault_25,
          minmay_misc_feat_cross
D:3:      layout_rooms, minmay_misc_feat_doors, kennysheep_generic_room_2

Skill      XL: |  1  2 |
---------------+-------+-----
Fighting       | 1 |  1.1
Stealth        | 5 |  5.0
Short Blades   | |  1.4
Dodging        | |  2.4
Spellcasting   | |  2.0
Hexes          | |  4.6

Action                   || total
-------------------------++-------
Melee: Dagger            ||    36
       Bite              ||     7
       Punch             ||     1
Throw: Boomerang         ||     2
  Use: Scroll            ||     1
 Stab: Sleeping          ||     3
Armor: Robe              ||     4
Dodge: Dodged            ||    17
Block: Other             ||     2
       Reflection        ||     1

Table legend: (Time is in decaauts)
 A = Elapsed time spent in this place.
 B = Non-inter-level travel time spent in this place.
 C = Inter-level travel time spent in this place.
 D = Time resting spent in this place.
 E = Time spent auto-exploring this place.
 F = Levels seen in this place.
 G = Mean time per level.
                   A        B        C        D        E       F      G
               +--------+--------+--------+--------+--------+-----+--------+
         Total |   1043 |    955 |     88 |      0 |    781 |   3 |  347.7 |
       Dungeon |   1043 |    955 |     88 |      0 |    781 |   3 |  347.7 |
               +--------+--------+--------+--------+--------+-----+--------+

Top non-repeatable levels by time:
     D:2: 933 daAuts
     D:3: 86 daAuts
     D:1: 24 daAuts
